Map: Bridgehead LE (Void)

Players

wabbajack - Winner!

  • Race: Zerg Zerg
  • League: Gold

Pwninate

  • Race: Zerg Zerg
  • League: Bronze

VOD

Have the link to the VOD?

Description

Time

  • Played on: July 19, 2015, 4:38 p.m.
  • Length: 6:14
Show
View Real Time Build Order
Export as new Build Order

wabbajack Zerg - Winner!

Build Orders: Hatch First 

Get SALT Encoding   

  12  0:01  Drone  
  13  0:13  Overlord  
  13  0:18  Drone  
  14  0:25  Drone, Extractor  
  15  0:34  Drone  
  16  0:35  Drone  
  17  0:55  Hatchery  
  16  0:59  Drone  
  16  1:01  Drone  
  16  1:03  Extractor  
  17  1:14  Drone  
  18  1:20  Spawning Pool  
  18  1:23  Drone  
  18  1:29  Drone  
  19  1:40  Overlord  
  19  1:55  Drone  
  20  2:07  Queen  
  20  2:08  Metabolic Boost, Queen  
  24  2:14  Spine Crawler  
  23  2:19  Drone  
  23  2:20  Drone  
  25  2:23  Drone  
  25  2:29  Drone  
  27  2:30  Drone  
  27  2:31  Drone  
  29  2:39  Spine Crawler  
  28  2:49  Drone  
  29  2:51  Drone  
  29  2:57  Roach Warren  
  29  3:00  Drone  
  30  3:06  Overlord  
  30  3:14  Overlord  
  30  3:21  Overlord  
  30  3:39  Roach x3  
  30  3:40  Roach  
  38  3:46  Roach x6  
  52  3:55  Roach x2  
  52  4:00  Overlord  
  54  4:03  Queen  
  56  4:22  Zergling x2  
  56  4:23  Zergling x16  
  65  4:28  Overlord  
  65  4:36  Baneling Nest  
  62  4:58  Extractor  
  62  5:00  Drone  
  62  5:09  Ravager  
  62  5:10  Ravager  
  62  5:12  Zergling x22  
  62  5:13  Zergling x2  
  76  5:15  Overlord  
  76  5:37  Ravager  
  77  5:46  Drone  
  77  5:47  Drone  
  77  5:49  Drone x2  
  81  5:50  Hatchery, Overlord  
Show
View Real Time Build Order
Export as new Build Order

Pwninate Zerg 

Build Orders: Hatch First 

Get SALT Encoding   

  12  0:00  Drone  
  13  0:12  Overlord  
  13  0:19  Drone  
  14  0:31  Drone x2  
  16  0:52  Hatchery, Drone  
  16  0:55  Drone  
  17  1:03  Drone  
  18  1:08  Drone  
  19  1:16  Spawning Pool  
  18  1:20  Extractor  
  18  1:22  Extractor  
  18  1:24  Drone  
  17  1:28  Drone  
  18  1:38  Overlord  
  18  1:52  Drone  
  19  2:03  Drone  
  19  2:04  Queen x2  
  24  2:09  Metabolic Boost  
  24  2:22  Zergling x2  
  25  2:27  Drone  
  25  2:28  Drone x3  
  29  2:41  Baneling Nest  
  28  2:49  Overlord x2  
  28  2:56  Drone  
  28  2:57  Drone x2  
  31  3:10  Drone x2  
  33  3:16  Drone x6  
  33  3:19  Drone  
  39  3:27  Lair  
  39  3:37  Zergling x2  
  39  3:38  Zergling x8  
  44  3:48  Extractor  
  43  3:49  Extractor  
  42  3:57  Zergling x2  
  42  3:58  Zergling x8  
  42  4:01  Zergling x4  
  49  4:06  Zergling x4  
  49  4:07  Hatchery  
  49  4:09  Overlord  
  50  4:12  Drone  
  51  4:23  Drone  
  52  4:31  Drone  
  52  4:32  Drone x6  
  59  4:39  Spire  
  59  4:42  Drone x2  
  56  4:49  Zergling x2  
  56  4:50  Zergling x6  
  55  4:57  Zergling x8  
  59  5:06  Zergling x2  
  60  5:08  Overlord x3  
  60  5:24  Queen  
  60  5:25  Overlord x2  
  59  5:31  Zergling x2  
  59  5:32  Zergling x12  
  64  5:44  Zergling x2  
  64  5:45  Zergling x10  
Tags
 
Add a new tag
Caveats
  • Supply blocks, unpowered buildings, or Contaminate may cause inaccurate times.
  • Supply counts are checked every 10 seconds.